 Dungeon Crawl Stone Soup version 0.28.0-53-g5a82cb258f (webtiles) character file.

Game seed: 3864904052384439932

414 DocClef the Cleaver (level 6, 0/51 HPs)
             Began as a Minotaur Fighter on July 3, 2022.
             Was an Initiate of Hepliaklqana.
             Slain by a hornet zombie (6 damage)
             ... on level 5 of the Dungeon.
             The game lasted 00:03:32 (3906 turns).

DocClef the Cleaver (Minotaur Fighter)              Turns: 3906, Time: 00:03:32

Health: 0/51       AC:  9    Str: 23    XL:     6   Next: 60%
Magic:  5/5        EV:  7    Int:  5    God:    Hepliaklqana [......]
Gold:   230        SH:  4    Dex:  9    Spells: 5/5 levels left

rFire   . . .      SeeInvis .   a - +0 war axe
rCold   . . .      Faith    .   c - +0 buckler
rNeg    . . .      Spirit   .   k - +0 chain mail
rPois   .          Reflect  .   (helmet restricted)
rElec   .          Harm     .   (no cloak)
rCorr   .          Rampage  .   (no gloves)
Will    .....                   (no boots)
Stlth   ..........              (no amulet)
HPRegen 0.17/turn               (no ring)
MPRegen 0.09/turn               (no ring)

@: no status effects
A: horns 2, retaliatory headbutt
a: Renounce Religion


You were on level 5 of the Dungeon.
You worshipped Hepliaklqana.
Hepliaklqana was noncommittal.
You visited 2 branches of the dungeon, and saw 6 of its levels.

You collected 230 gold pieces.

Inventory:

Hand Weapons
 a - a +0 war axe (weapon)
Armour
 b - a +0 scale mail
 c - a +0 buckler (worn)
 k - a +0 chain mail (worn)
Wands
 n - a wand of paralysis (7)
 s - a wand of iceblast (8)
Scrolls
 g - a scroll of vulnerability {unknown}
 h - 2 scrolls of fear {unknown}
 i - 3 scrolls of magic mapping {unknown}
 j - 3 scrolls of immolation {unknown}
 l - 2 scrolls of identify {unknown}
 m - 6 scrolls of teleportation {unknown}
 o - a scroll of fog {unknown}
 p - a scroll of amnesia {unknown}
 q - a scroll of blinking {unknown}
Potions
 d - 3 potions of might
 e - 3 potions of curing {unknown}
 f - 2 potions of flight {unknown}
 r - a potion of heal wounds {unknown}


   Skills:
 - Level 3.6 Fighting
 + Level 8.6 Axes
 - Level 3.6 Armour
 - Level 3.6 Shields


You had 5 spell levels left.
You didn't know any spells.
Your spell library was empty.

Dungeon Overview and Level Annotations

Branches:
Dungeon (5/15)             Temple (1/1) D:4

Altars:
Ashenzari
Cheibriados
Dithmenos
Fedhas
Hepliaklqana
Kikubaaqudgha
Okawaru
Ru
Sif Muna
Trog
Uskayaw
Vehumet
Wu Jian
Yredelemnul
Zin

Shops:
D:1 ?

Annotations:
D:3 3 runed translucent doors, Sin92's ghost, amateur DsFi
D:4 Eustachio; Pikel
D:5 Menkaure


Innate Abilities, Weirdness & Mutations

You have a pair of horns on your head.
You reflexively headbutt those who attack you in melee.


Message History

A hornet zombie comes into view.
A hornet zombie is nearby!
A hornet zombie is nearby!
A hornet zombie is nearby!
The hornet zombie barely misses you.
The hornet zombie hits you but does no damage.
You hit the hornet zombie. You headbutt the hornet zombie.
The hornet zombie is lightly damaged.
The hornet zombie hits you.
You barely miss the hornet zombie. You headbutt the hornet zombie.
The hornet zombie is lightly damaged.
You block the hornet zombie's attack.
Menkaure, Prince of Dust comes into view.
The hornet zombie hits you!
You completely miss the hornet zombie.
Menkaure shouts!
Your headbutt misses the hornet zombie.
The hornet zombie is lightly damaged.
Menkaure calls on the powers of darkness!
Your body is wracked with pain!
The hornet zombie hits you.
You are too injured to fight recklessly!
Unknown command.
The hornet zombie hits you.
* * * LOW HITPOINT WARNING * * *
You hit the hornet zombie.
The hornet zombie is lightly damaged.
The hornet zombie hits you but does no damage.
You barely miss the hornet zombie. You headbutt the hornet zombie.
The hornet zombie is moderately damaged.
The hornet zombie hits you.
* * * LOW HITPOINT WARNING * * *
You block the hornet zombie's attack.
You hit the hornet zombie.
The hornet zombie is moderately damaged.
The hornet zombie hits you!
* * * LOW HITPOINT WARNING * * *
You slash the hornet zombie! You headbutt the hornet zombie!
The hornet zombie is severely damaged.
The hornet zombie hits you.
You die...

#..............
###.##..##....#
#....<......#
###.####....#
####.# ....
#....# ...
#.#### . #.#
... #@#
.....###Z#
.M......†#
......#.....#
..... #..####
.... #... ###
..... #.....
##....#


You could see a hornet zombie.

Vanquished Creatures
  A water moccasin (D:5)
  A bullfrog zombie (D:5)
  An orc priest (D:4)
  A bullfrog skeleton (D:4)
  2 orc wizards (D:4)
  A hound skeleton (D:4)
  4 adders
  An adder skeleton (D:4)
  A worm (D:2)
  5 dart slugs
  11 orcs
  5 ball pythons
  8 endoplasms
  5 giant cockroaches
  7 hobgoblins
  8 jackals
  4 quokkas
  2 bats
  A frilled lizard (D:2)
  10 goblins
  9 kobolds
  5 rats
93 creatures vanquished.

Notes
Turn   | Place    | Note
-------+----------+-------------------------------------------
     0 | D:1      | DocClef the Minotaur Fighter began the quest for the Orb.
     0 | D:1      | Reached XP level 1. HP: 19/19 MP: 0/0
   173 | D:1      | Reached skill level 3 in Axes
   294 | D:1      | Reached XP level 2. HP: 26/26 MP: 1/1
   460 | D:1      | Found Ysyir's Magic Scroll Shop.
   631 | D:1      | Reached skill level 4 in Axes
   916 | D:1      | Reached XP level 3. HP: 30/31 MP: 2/2
  1123 | D:2      | Reached skill level 5 in Axes
  1474 | D:2      | Reached XP level 4. HP: 39/39 MP: 3/3
  2284 | D:3      | Found a faded altar of an unknown god.
  2419 | D:3      | Found a runed translucent gate.
  2419 | D:3      | Found a runed translucent gate.
  2419 | D:3      | Found a runed translucent gate.
  2424 | D:3      | Noticed Sin92's ghost (amateur DsFi)
  2772 | D:4      | Reached skill level 6 in Axes
  2781 | D:4      | Reached XP level 5. HP: 27/45 MP: 4/4
  3012 | D:4      | Found a staircase to the Ecumenical Temple.
  3039 | Temple   | Entered the Ecumenical Temple
  3298 | Temple   | Became a worshipper of Hepliaklqana the Forgotten
  3365 | D:4      | Noticed a lemure
  3365 | D:4      | Noticed a lemure
  3365 | D:4      | Noticed a lemure
  3366 | D:4      | Noticed Pikel
  3366 | D:4      | Noticed a lemure
  3366 | D:4      | Noticed Eustachio
  3529 | D:4      | Reached skill level 7 in Axes
  3788 | D:4      | Found a broken altar of Ashenzari.
  3799 | D:4      | Reached XP level 6. HP: 51/51 MP: 5/5
  3870 | D:5      | Entered Level 5 of the Dungeon
  3877 | D:5      | Reached skill level 8 in Axes
  3891 | D:5      | Noticed a water moccasin
  3893 | D:5      | Killed a water moccasin
  3899 | D:5      | Noticed Menkaure
  3906 | D:5      | Slain by a hornet zombie

Illustrated notes

Levels and vault maps discovered:
D:1:      psy_arrival_dodecagon, layout_loops_corners, serial_shops, shop,
          minmay_misc_feat_roman, minmay_misc_feat_secret_circle
D:2:      layout_rooms
D:3:      layout_loops_ring, gammafunk_ghost_necromancy,
          shapermc_ecumenical_altar_ellora
D:4:      layout_loops_ring, mainiacjoe_overflow_alcove_2,
          minmay_temple_entry_ruins, uniq_pikel, uniq_eustachio
D:5:      cheibrodos_barr_body, layout_basic, uniq_menkaure, uniq_grinder,
          uniq_duvessa, uniq_sigmund
Temple:   minmay_temple_curvy_branch

Skill      XL: |  1  2  3  4  5  6 |
---------------+-------------------+-----
Axes           | 3 4 5 6 7 8 |  8.6
Fighting       | |  3.6
Armour         | |  3.6
Shields        | |  3.6

Action                   |  1- 3 |  4- 6 || total
-------------------------+-------+-------++-------
Melee: War axe           |    80 |   121 ||   201
       Headbutt          |    13 |    18 ||    31
Evoke: Wand              |       |     2 ||     2
Armor: Scale mail        |    24 |       ||    24
       Chain mail        |     1 |    77 ||    78
Dodge: Dodged            |    27 |    35 ||    62
Block: Buckler           |    13 |    29 ||    42
